 Dungeon Crawl Stone Soup version 0.26-a0-665-gefeb406119 (webtiles) character file.

Game seed: 15028787443562790414

2045 imo the Cleaver (level 9, -14/74 HPs)
             Began as a Deep Dwarf Fighter on Oct 15, 2020.
             Was an Initiate of Ru.
             Demolished by a white ugly thing (32 damage)
             ... on level 10 of the Dungeon.
             The game lasted 00:08:21 (1308 turns).

imo the Cleaver (Deep Dwarf Fighter)                Turns: 1308, Time: 00:08:22

Health: -14/74     AC:  6    Str: 23    XL:     9   Next: 4%
Magic:  5/5        EV:  7    Int:  9    God:    Ru [......]
Gold:   117        SH:  9    Dex: 12    Spells: 8/8 levels left

rFire    . . .     SeeInvis .   a - +1 war axe
rCold    . . .     Faith    .   c - +0 kite shield
rNeg     . . .     Spirit   .   b - +0 scale mail
rPois    +         Reflect  .   (no helmet)
rElec    .         Harm     .   (no cloak)
rCorr    .         Rampage  .   (no gloves)
MR       +....                  (no boots)
Stlth    +.........             (no amulet)
HPRegen  0.00/turn              g - ring of poison resistance
MPRegen  0.09/turn              d - ring of stealth

@: non-regenerating, hasted, very quick
A: damage resistance, heal wounds, sense surroundings 2, no regeneration
a: Heal Wounds, Sacrifice Nimbleness, Sacrifice a Hand, Sacrifice Resistance,
Reject Sacrifices, Renounce Religion


You were on level 10 of the Dungeon.
You worshipped Ru.
Ru was noncommittal.
You visited 1 branch of the dungeon, and saw 10 of its levels.
You also visited: Sewer.

You collected 117 gold pieces.

Inventory:

Hand Weapons
 a - a +1 war axe (weapon)
Armour
 b - a +0 scale mail (worn)
 c - a +0 kite shield (worn)
Jewellery
 d - a ring of stealth (right hand)
 g - a ring of poison resistance (left hand)
 o - an uncursed amulet of magic regeneration {unknown}
Wands
 n - a wand of iceblast (3)
Scrolls
 h - a scroll of remove curse
Potions
 f - 2 potions of flight {unknown}
 i - a potion of brilliance {unknown}
 k - 2 potions of lignification {unknown}
 l - 2 potions of resistance {unknown}


   Skills:
 - Level 2.6 Fighting
 + Level 12.7 Axes
 - Level 3.2 Armour
 - Level 3.2 Shields


You had 8 spell levels left.
You didn't know any spells.
Your spell library was empty.

Dungeon Overview and Level Annotations

Branches:
Dungeon (10/15)             Sewer (visited)
 Temple: D:4-7         Lair: D:8-11         Orc: D:9-12

Altars:
Ashenzari
Elyvilon
Kikubaaqudgha
Ru
Yredelemnul

Annotations:
D:10 1 transporter


Innate Abilities, Weirdness & Mutations

You are resistant to damage.
You can heal yourself by infusing magical energy.
You passively map the area around you.
You do not regenerate.


Message History

You slash the white ugly thing!
The white ugly thing is almost dead.
The white ugly thing splashes around in the water.
You closely miss the steam dragon. You closely miss the white ugly thing.
You hit the white ugly thing.
The white ugly thing is almost dead.
You closely miss the steam dragon.
The white ugly thing headbutts you but does no damage.
The steam dragon breathes steam at you. The ball of steam hits you!!
* * * LOW HITPOINT WARNING * * *
You feel much better.
You closely miss the steam dragon. You closely miss the white ugly thing.
The white ugly thing is almost dead.
You hit the steam dragon. The steam dragon barely misses you. x2
The white ugly thing headbutts you!
* * * LOW HITPOINT WARNING * * *
The white ugly thing freezes you!!
You die...

#...........# * #
#........W..####.#
####................#
....................#
#..........####'#####
#.†......[##≈≈≈≈≈≈≈≈#
..........##≈..§...≈#
.........).#≈.§uD..≈#
..........##≈§!!@..≈#
..........##≈......≈#
..........##≈..!...≈#
############≈≈≈≈≈≈≈≈#
, ########## , , , *
, ,, * , , , * , ,,
,, , , ,, ,,, * *


You could see a white ugly thing and a steam dragon.

Vanquished Creatures
  An unseen horror (D:10)
  A troll (D:10)
  Grinder (D:3)
  A hornet zombie (D:5)
  A phantom (D:10)
  An ogre (D:10)
  2 bullfrogs (D:8)
  2 big kobolds
  A scorpion (D:10)
  A quasit (D:10)
  3 orc priests
  A bullfrog skeleton (D:8)
  Terence (D:2)
  3 orc wizards
  An iguana (D:4)
  4 worker ants
  3 gnolls (D:8)
  5 adders
  2 river rats (Sewer)
  2 white imps
  2 ufetubi (D:8)
  2 adder skeletons (D:5)
  2 dart slugs
  2 leopard geckos (D:3)
  11 orcs
  A ball python (D:3)
  4 bats
  7 giant cockroaches
  3 goblins
  4 hobgoblins
  2 jackals (Sewer)
  4 quokkas
  2 frilled lizards
  7 kobolds
  4 rats
94 creatures vanquished.

Notes
Turn   | Place    | Note
-------+----------+-------------------------------------------
     0 | D:1      | imo the Deep Dwarf Fighter began the quest for the Orb.
     0 | D:1      | Reached XP level 1. HP: 20/20 MP: 1/1
    41 | D:1      | Noticed a big kobold
    41 | D:1      | Noticed a big kobold
    41 | D:1      | Noticed a big kobold
    43 | D:1      | Noticed a big kobold
    53 | D:1      | Reached skill level 3 in Axes
    53 | D:1      | Reached XP level 2. HP: 25/27 MP: 2/2
   131 | D:2      | Noticed Terence
   147 | D:2      | Killed Terence
   147 | D:2      | Reached skill level 4 in Axes
   147 | D:2      | Reached XP level 3. HP: 26/33 MP: 3/3
   155 | D:2      | Found a white marble altar of Elyvilon.
   156 | D:2      | Found an ancient bone altar of Kikubaaqudgha.
   346 | D:3      | Reached XP level 4. HP: 36/40 MP: 4/4
   357 | D:3      | Found a glowing drain.
   372 | Sewer    | Entered a sewer
   388 | Sewer    | Reached skill level 5 in Axes
   435 | Sewer    | Noticed a big kobold
   458 | Sewer    | Killed a big kobold
   458 | Sewer    | Reached skill level 6 in Axes
   458 | Sewer    | Reached XP level 5. HP: 30/46 MP: 5/5
   474 | Sewer    | Found a glowing silver altar of Zin.
   517 | D:3      | Noticed Grinder
   524 | D:3      | Paralysed by Grinder for 3 turns
   539 | D:3      | Paralysed by Grinder for 4 turns
   551 | D:3      | Paralysed by Grinder for 5 turns
   556 | D:3      | Killed Grinder
   556 | D:3      | Reached skill level 7 in Axes
   556 | D:3      | Reached XP level 6. HP: 20/55 MP: 6/6
   634 | D:4      | Reached skill level 8 in Axes
   651 | D:4      | Found a basalt altar of Yredelemnul.
   668 | D:4      | Found a broken altar of Ashenzari.
   671 | D:5      | Entered Level 5 of the Dungeon
   700 | D:5      | Reached XP level 7. HP: 46/61 MP: 5/5
   766 | D:5      | Found a sacrificial altar of Ru.
   775 | D:5      | Became a worshipper of Ru the Awakened
   787 | D:5      | Reached skill level 9 in Axes
  1075 | D:8      | Reached skill level 10 in Axes
  1148 | D:9      | Reached XP level 8. HP: 52/68 MP: 5/5
  1167 | D:10     | Entered Level 10 of the Dungeon
  1185 | D:10     | Noticed a troll
  1201 | D:10     | Killed a troll
  1201 | D:10     | Reached skill level 11 in Axes
  1213 | D:10     | Killed an unseen horror
  1213 | D:10     | Reached skill level 12 in Axes
  1240 | D:10     | Found a transporter.
  1240 | D:10     | Noticed a fire crab
  1248 | D:10     | Gained mutation: You passively map the area around you.
                  | [Deep Dwarf growth]
  1248 | D:10     | Reached XP level 9. HP: 68/74 MP: 5/5
  1281 | D:10     | Noticed a white ugly thing
  1296 | D:10     | HP: 1/74 [white ugly thing (22)]
  1303 | D:10     | HP: 2/74 [steam dragon/ball of steam (17)]
  1308 | D:10     | Demolished by a white ugly thing

Illustrated notes

Levels and vault maps discovered:
D:1:      erik_arrival_cave_to_civilisation [erik_arrival_cave_to_temple],
          layout_basic, kennysheep_small_spiral, minmay_pentomino_w4
D:2:      layout_basic, nicolae_overflow_hidden_temple,
          grunt_temple_overflow_open, dancing_weapons_uskayaw,
          gammafunk_temple_overflow_statue, uniq_terence
D:3:      layout_rooms, gup_sewer_entry_pipe, kennysheep_donut, uniq_grinder
D:4:      layout_loops_cross, old_standard_altar, kennysheep_little_box,
          uniq_natasha
D:5:      layout_basic, nicolae_overflow_crystal_walls,
          minmay_misc_feat_enclosed
D:6:      kennysheep_orc_sif_temple, layout_loops_ring, lemuel_round_altar
D:7:      layout_basic, minmay_temple_entry_grid
D:8:      layout_loops_ring, lemuel_statue_altar
D:9:      layout_gridville, grunt_temple_overflow_champion_of_chaos,
          old_standard_altar, lair_entry_dummy, david_orc_5
D:10:     gammafunk_cloud_chamber, layout_basic, minmay_misc_feat_roman,
          dk_vineyard_1

Skill      XL: |  1  2  3  4  5  6  7  8 |
---------------+-------------------------+-----
Axes           | 3 4 6 7 8 10 12 | 12.7
Fighting       | |  2.6
Armour         | |  3.2
Shields        | |  3.2

Action                   |  1- 3 |  4- 6 |  7- 9 || total
-------------------------+-------+-------+-------++-------
Melee: War axe           |   101 |   136 |   176 ||   413
 Abil: Heal Wounds       |     1 |     5 |    12 ||    18
Evoke: Wand              |       |       |     8 ||     8
  Use: Scroll            |     2 |     2 |     3 ||     7
       Potion            |       |     1 |     4 ||     5
Armor: Scale mail        |    97 |    74 |    75 ||   246
Dodge: Dodged            |    82 |    49 |    53 ||   184
Block: Kite shield       |   100 |    82 |    95 ||   277

Table legend: (Time is in decaauts)
 A = Elapsed time spent in this place.
 B = Non-inter-level travel time spent in this place.
 C = Inter-level travel time spent in this place.
 D = Time resting spent in this place.
 E = Time spent auto-exploring this place.
 F = Levels seen in this place.
 G = Mean time per level.
                   A        B        C        D        E       F      G
               +--------+--------+--------+--------+--------+-----+--------+
         Total |   1421 |   1421 |      0 |      0 |      0 |  11 |  129.2 |
       Dungeon |   1242 |   1242 |      0 |      0 |      0 |  10 |  124.2 |
         Sewer |    178 |    178 |      0 |      0 |      0 |   1 |  178.0 |
               +--------+--------+--------+--------+--------+-----+--------+

Top non-repeatable levels by time:
     D:3: 309 daAuts
     D:8: 194 daAuts
   Sewer: 178 daAuts
     D:5: 142 daAuts
     D:1: 142 daAuts
    D:10: 133 daAuts
     D:4: 84 daAuts
     D:7: 66 daAuts
     D:2: 60 daAuts
     D:9: 55 daAuts
     D:6: 53 daAuts
